AoeStats
← ArtTroy2751

Glade

510424201Analyzed
1v1 RM · 1d ago on Sep 30, 2026· 43m 17s· 2 players
Game mode
Random Map
Map size
Tiny (2 player)
Population
200
Speed
Normal
Resources
Standard
Victory
Conquest
Starting age
Dark Age
Ending age
Imperial Age
RankedLock teamsTeams togetherTeam positionsShared explorationLock speedFull tech treeHidden civsTurbo modeCheats
Victory
Defeat
🇲🇽 Cumans · Mexico
1241
+16
🇲🇽 Japanese · Mexico
1251
-16
ArtTroy2751
6:41 Loom
9:00 Feudal Age
21:15 Fletching
21:44 Double-Bit Axe
23:07 Horse Collar
28:31 Castle Age
29:05 Castle Age
27:28 Bloodlines
27:17 Gold Mining
27:45 Scale Barding Armor
28:56 Forging
30:26 Chain Barding Armor
30:45 Iron Casting
35:55 Bow Saw
39:35 Imperial Age
37:28 Capped Ram
41:16 Plate Barding Armor
40:17 Cavalier
carlosalbertoalvarez0
7:07 Loom
8:58 Feudal Age
9:48 Man-at-Arms
11:37 Loom
12:47 Wheelbarrow
13:01 Arson
22:03 Castle Age
21:01 Fletching
22:17 Double-Bit Axe
22:25 Horse Collar
24:09 Bodkin Arrow
26:55 Town Watch
31:00 Bow Saw
30:31 Crossbowman
36:55 Squires
39:24 Scale Mail Armor
39:55 Pikeman
41:11 Scale Mail Armor
42:11 Chain Mail Armor
Connection lost

Rejoining the realm…

Still unreachable

The connection could not be restored.

Session expired

The server has moved on; the page needs a fresh start.